 Dungeon Crawl Stone Soup version 0.28.0-1-gb440e238dd (webtiles) character file.

Game seed: 5793348482273113508

1572 Peloso the Carver (level 8, -12/71 HPs)
             Began as a Minotaur Fighter on Feb 26, 2022.
             Was an Initiate of Okawaru.
             Mangled by a death yak (18 damage)
             ... on level 8 of the Dungeon.
             The game lasted 00:07:41 (5445 turns).

Peloso the Carver (Minotaur Fighter)                Turns: 5445, Time: 00:07:42

Health: -12/71     AC: 16    Str: 20    XL:     8   Next: 59%
Magic:  7/7        EV:  8    Int:  5    God:    Okawaru [......]
Gold:   307        SH:  6    Dex: 19    Spells: 7/7 levels left

rFire   . . .      SeeInvis .   a - +1 scimitar
rCold   . . .      Faith    .   c - +0 buckler
rNeg    . . .      Spirit   .   s - +0 chain mail
rPois   .          Reflect  .   (helmet restricted)
rElec   .          Harm     .   m - +0 cloak
rCorr   .          Rampage  .   (no gloves)
Will    .....                   (no boots)
Stlth   ..........              (no amulet)
HPRegen 0.21/turn               l - +4 ring of protection
MPRegen 0.10/turn               n - +6 ring of dexterity

@: mighty
A: horns 2, retaliatory headbutt
a: Renounce Religion


You were on level 8 of the Dungeon.
You worshipped Okawaru.
Okawaru was noncommittal.
You visited 2 branches of the dungeon, and saw 9 of its levels.

You collected 307 gold pieces.

Inventory:

Hand Weapons
 a - a +1 scimitar (weapon)
Armour
 b - a +0 scale mail
 c - a +0 buckler (worn)
 m - a +0 cloak (worn)
 s - a +0 chain mail (worn)
Jewellery
 e - a ring of wizardry
 l - a +4 ring of protection (left hand)
 n - a +6 ring of dexterity (right hand)
 v - the ring of Fuphoni {Ice *Slow Will+ Str+5 SInv}
   (You found it on level 4 of the Dungeon)

   [ring of ice]

   It enhances your ice magic.
   Str:       It affects your strength (+5).
   rF:        It makes you vulnerable to fire.
   rC:        It protects you from cold.
   SInv:      It lets you see invisible.
   *Slow:     It may slow you when you take damage.
   Will:      It increases your willpower.
 y - a +4 ring of protection
Wands
 o - a wand of charming (6)
 A - a wand of acid (5)
Scrolls
 f - a scroll of torment {unknown}
 i - a scroll of fog {unknown}
 k - a scroll of holy word {unknown}
 p - a scroll of noise {unknown}
 q - 2 scrolls of brand weapon {unknown}
 r - 6 scrolls of identify {unknown}
 t - 2 scrolls of teleportation {unknown}
 w - a scroll of enchant armour {unknown}
 x - a scroll of immolation {unknown}
 z - a scroll of blinking {unknown}
Potions
 g - 4 potions of curing
 h - 3 potions of lignification {unknown}
 j - a potion of ambrosia {unknown}
 u - 2 potions of resistance {unknown}


   Skills:
 + Level 6.4 Fighting
 + Level 9.0 Long Blades
 + Level 7.4 Armour
 + Level 1.7 Dodging
 + Level 0.8 Stealth
 + Level 5.3 Shields


You had 7 spell levels left.
You didn't know any spells.
Your spell library contained the following spells:

 Spells                   Type           Power      Damage    Failure   Level
 Shock                    Conj/Air       0%         1d3       99%         1
 Ensorcelled Hibernation  Hex/Ice        0%         N/A       100%        2
 Passwall                 Tmut/Erth      0%         N/A       100%        2
 Sublimation of Blood     Necr           0%         N/A       100%        2
 Wereblood                Tmut           0%         N/A       100%        2
 Confusing Touch          Hex            0%         N/A       100%        3
 Dazzling Flash           Conj/Hex       0%         N/A       100%        3
 Swiftness                Air            0%         N/A       100%        3
 Airstrike                Air            0%         N/A       100%        4
 Iskenderun's Mystic Bla  Conj/Tloc      0%         2d3       100%        4
 Petrify                  Tmut/Erth      0%         N/A       100%        4
 Fireball                 Conj/Fire      0%         3d3       100%        5
 Irradiate                Conj/Tmut      0%         3d13      100%        5
 Iskenderun's Battlesphe  Conj           0%         2d6       100%        5
 Yara's Violent Unravell  Hex/Tmut       0%         3d3       100%        5
 Conjure Ball Lightning   Conj/Air       0%         3x3d6     100%        6
 Starburst                Conj/Fire      0%         6d3       100%        6
 Enfeeble                 Hex            0%         N/A       100%        7
 Orb of Destruction       Conj           0%         9d5       100%        7
 Animate Dead             Necr           Unusable   N/A       N/A         4
 Haunt                    Necr/Summ      Unusable   N/A       N/A         7
 Summon Hydra             Summ           Unusable   N/A       N/A         7
 Infestation              Necr           Unusable   N/A       N/A         8

Dungeon Overview and Level Annotations

Branches:
Dungeon (8/15)             Temple (1/1) D:7
   Lair: D:8-11

Altars:
Cheibriados
Dithmenos
Elyvilon
Hepliaklqana
Kikubaaqudgha
Okawaru
Ru
The Shining One


Innate Abilities, Weirdness & Mutations

You have a pair of horns on your head.
You reflexively headbutt those who attack you in melee.


Message History

The death yak is lightly wounded.
The death yak gores you but does no damage.
A hell rat comes into view.
A death yak comes into view.
The hell rat roars deafeningly!
You slash the death yak!
The death yak is moderately wounded.
A river rat comes into view.
You block the death yak's attack.
You completely miss the death yak.
The death yak is moderately wounded.
The death yak gores you!
You hit the death yak but do no damage.
You headbutt the death yak, but do no damage.
The death yak is moderately wounded.
The death yak gores you!
You slash the death yak!
The death yak is heavily wounded.
You block the death yak's attack.
A rat comes into view.
You barely miss the death yak.
The death yak is heavily wounded.
The death yak gores you!
* * * LOW HITPOINT WARNING * * *
Okay, then.
It was a potion of curing.
You feel better. The death yak gores you.
Unknown command.
You feel very mighty all of a sudden. The death yak gores you!
* * * LOW HITPOINT WARNING * * *
The hell rat twitches its whiskers.
You feel better. The death yak barely misses you.
You hit the death yak but do no damage. You headbutt the death yak!
The death yak is heavily wounded.
The death yak gores you!
* * * LOW HITPOINT WARNING * * *
Unknown command.
You slash the death yak! You headbutt the death yak.
The death yak is severely wounded.
The death yak gores you!!
You die...

##....#.....
#...........
##...........
#.........###
##......>.##
##..........#
###...........#
##.............# .
####@.#...........#
....#.YY####..........#
......rY# #..........
.......r# ###.......
.......rr #######
.?.......# ..........
........$.. ........##o


You could see 3 death yaks, a hell rat, a river rat and a quokka.

Vanquished Creatures
  A steam dragon (D:7)
  An ice beast (D:5)
  A necrophage (D:7)
  A centaur (D:7)
  A phantom (D:4)
  A wyvern skeleton (D:7)
  A water moccasin skeleton (D:6)
  5 wights (D:7)
  2 centaur zombies
  A jelly (D:6)
  An orc priest (D:8)
  Crazy Yiuf (D:2)
  A centaur skeleton (D:5)
  A gnoll shaman (D:6)
  Jessica (D:2)
  Ijyb (D:3)
  7 iguanas
  7 orc wizards
  2 hound skeletons
  A howler monkey zombie (D:6)
  4 gnolls (D:6)
  4 adders
  A shadow imp (D:5)
  A white imp (D:7)
  An ufetubus (D:6)
  2 worms
  2 dart slugs (D:1)
  7 orcs
  7 ball pythons
  5 endoplasms
  A giant cockroach (D:4)
  5 goblins
  5 hobgoblins
  4 jackals (D:1)
  2 quokkas
  8 bats
  2 frilled lizards (D:1)
  8 kobolds
  2 rats
109 creatures vanquished.

Notes
Turn   | Place    | Note
-------+----------+-------------------------------------------
     0 | D:1      | Peloso the Minotaur Fighter began the quest for the Orb.
     0 | D:1      | Reached XP level 1. HP: 19/19 MP: 0/0
   158 | D:1      | Reached XP level 2. HP: 7/27 MP: 1/1
   827 | D:1      | Reached XP level 3. HP: 33/33 MP: 2/2
   888 | D:2      | Noticed Jessica
   896 | D:2      | Killed Jessica
   897 | D:2      | Reached skill level 3 in Long Blades
  1158 | D:2      | Found a faded altar of an unknown god.
  1374 | D:2      | Reached XP level 4. HP: 32/41 MP: 3/3
  1469 | D:2      | Found a runed translucent door.
  1470 | D:2      | Noticed Crazy Yiuf
  1555 | D:2      | Killed Crazy Yiuf
  1811 | D:3      | Identified the +7 quarterstaff "Rocryicyigh" {spect,
                  | Fragile rF+ Stlth+}
  1882 | D:3      | Noticed Ijyb
  1887 | D:3      | Killed Ijyb
  1986 | D:4      | Reached skill level 4 in Long Blades
  1986 | D:4      | Reached XP level 5. HP: 47/47 MP: 4/4
  2050 | D:4      | You fall into a shaft and drop 2 floors!
  2134 | D:6      | Reached skill level 5 in Armour
  2147 | D:6      | Reached skill level 5 in Long Blades
  2147 | D:6      | Reached skill level 1 in Dodging
  2147 | D:6      | Reached XP level 6. HP: 29/55 MP: 5/5
  2320 | D:5      | Entered Level 5 of the Dungeon
  2376 | D:5      | Reached skill level 5 in Fighting
  2525 | D:5      | Reached skill level 6 in Long Blades
  2757 | D:4      | Reached XP level 7. HP: 58/61 MP: 6/6
  2885 | D:4      | Found a hazy altar of Hepliaklqana.
  3081 | D:4      | Found a snail-covered altar of Cheibriados.
  3213 | D:4      | Identified the ring of Fuphoni {Ice *Slow Will+ Str+5 SInv}
  3661 | D:5      | Found a sacrificial altar of Ru.
  3761 | D:5      | Reached skill level 7 in Long Blades
  4483 | D:7      | Reached XP level 8. HP: 70/70 MP: 7/7
  4625 | D:7      | Reached skill level 5 in Shields
  4647 | D:7      | Reached skill level 8 in Long Blades
  5033 | D:7      | Found a staircase to the Ecumenical Temple.
  5232 | D:7      | Reached skill level 9 in Long Blades
  5345 | Temple   | Entered the Ecumenical Temple
  5354 | Temple   | Became a worshipper of Warmaster Okawaru
  5421 | D:8      | Noticed a death yak
  5432 | D:8      | Noticed a death yak
  5435 | D:8      | Noticed a death yak
  5445 | D:8      | Mangled by a death yak

Illustrated notes

Levels and vault maps discovered:
D:1:      minmay_arrival_up_and_down, layout_rooms, kennysheep_decorative_pillar
D:2:      layout_rooms, hellmonk_ecumenical_altar_crossroads, kennysheep_donut,
          uniq_jessica, uniq_crazy_yiuf_cottage
D:3:      layout_basic, uniq_ijyb
D:4:      layout_rooms, cheibriados_altar_1, nicolae_hepliaklqana_hippocampus
D:5:      layout_basic, nicolae_ru_path_of_blood,
          minmay_a_box_with_orc_wizards_in_it
D:6:      layout_rooms
D:7:      layout_loops_ring, minmay_temple_entry_poolview
D:8:      layout_cave_pods, dpeg_lair_monsters, uniq_grum
Temple:   regret_index_temple_mists

Skill      XL: |  1  2  3  4  5  6  7  8 |
---------------+-------------------------+-----
Armour         | 4 5 6 7 |  7.4
Fighting       | 4 5 6 |  6.4
Shields        | 4 5 |  5.3
Long Blades    | 3 4 5 6 7 9 |  9.0
Dodging        | 1 |  1.7
Stealth        | |  0.8

Action                   |  1- 3 |  4- 6 |  7- 9 || total
-------------------------+-------+-------+-------++-------
Melee: Long sword        |    61 |   105 |   154 ||   320
       Headbutt          |     5 |    12 |    50 ||    67
       Scimitar          |       |       |    22 ||    22
  Use: Potion            |       |       |     3 ||     3
Armor: Scale mail        |    40 |    26 |       ||    66
       Chain mail        |       |    66 |    93 ||   159
Dodge: Dodged            |    44 |    37 |    61 ||   142
Block: Buckler           |    11 |    23 |    33 ||    67
